 Dungeon Crawl Stone Soup version 0.29-a0-925-g0a7a3d12f8 (webtiles) character file.

Game seed: 12984833683721954845

303 manyhoops the Ruffian (level 5, -1/42 HPs)
             Began as a Demigod Transmuter on July 28, 2022.
             Slain by a gnoll
             ... wielding a +0 halberd
             ... led by a gnoll bouda
              (13 damage)
             ... on level 4 of the Dungeon.
             The game lasted 00:05:41 (3759 turns).

manyhoops the Ruffian (Demigod Transmuter)          Turns: 3759, Time: 00:05:42

Health: -1/42      AC:  7    Str: 18    XL:     5   Next: 91%
Magic:  19/19      EV: 11    Int: 15    God:
Gold:   146        SH:  0    Dex: 17    Spells: 4/7 levels left

rFire   . . .      SeeInvis .     - Unarmed
rCold   + . .      Faith    .   (no shield)
rNeg    . . .      Spirit   .   g - +0 ring mail
rPois   .          Reflect  .   (helmet currently unavailable)
rElec   +          Harm     .   (no cloak)
rCorr   +          Rampage  .   p - +1 pair of gloves {Dex+3}
Will    .....                   (boots currently unavailable)
Stlth   +.........              (no amulet)
HPRegen 0.14/turn               c - ring "Wucropem" {rElec rC+ MP+9 Str+3}
MPRegen 0.16/turn               o - ring of resist corrosion

@: appendages (expiring)
A: horns 2, talons 2, high MP 1, forlorn, divine attributes
a: End Transformation


You were on level 4 of the Dungeon.
You had temporarily grown beastly horns and talons.
You visited 1 branch of the dungeon, and saw 5 of its levels.

You collected 146 gold pieces.

Inventory:

Hand Weapons
 k - the +8 long sword "Ywaiserr" {drain, Will+++ Str-3 Int+5}
   (You found it on level 2 of the Dungeon)

   A truly terrible weapon, it drains the life of any living foe it strikes.
   Str:       It affects your strength (-3).
   Int:       It affects your intelligence (+5).
   Will:      It greatly increases your willpower.
Armour
 a - a +1 hat (melded)
 g - a +0 ring mail (worn)
 p - a +1 pair of gloves of dexterity (worn)
Jewellery
 c - the ring "Wucropem" (left hand) {rElec rC+ MP+9 Str+3}
   (You acquired it on level 2 of the Dungeon)

   [ring of magical power]

   Str:       It affects your strength (+3).
   rC:        It protects you from cold.
   rElec:     It insulates you from electricity.
   MP:        It affects your magic capacity (+9).
 o - a ring of resist corrosion (right hand)
Wands
 l - a wand of light (11)
Scrolls
 d - 2 scrolls of butterflies
 i - a scroll of summoning
 m - a scroll of noise {unknown}
 q - a scroll of enchant weapon {unknown}
Potions
 b - 4 potions of lignification
 e - 2 potions of cancellation
 h - a potion of might {unknown}
 j - a potion of haste
 n - a potion of curing


   Skills:
 + Level 2.3 Fighting
 - Level 1.7 Dodging
 - Level 5.4 Unarmed Combat
 - Level 1.7 Spellcasting
 + Level 2.7 Transmutations


You had 4 spell levels left.
You knew the following spells:

 Your Spells              Type           Power      Damage    Failure   Level
a - Beastly Appendage     Tmut           18%        N/A       13%         1
b - Wereblood             Tmut           9%         N/A       21%         2

Your spell library contained the following spells:

 Spells                   Type           Power      Damage    Failure   Level
 Spider Form              Tmut/Pois      5%         N/A       56%         3
 Ice Form                 Ice/Tmut       5%         N/A       92%         4


Dungeon Overview and Level Annotations

Branches:
Dungeon (5/15)
 Temple: D:4-7


Innate Abilities, Weirdness & Mutations

You have temporarily grown beastly horns and talons.
You have an increased reservoir of magic. (+10% MP)
You shall have no god before yourself.
Your divine heritage dramatically boosts your attributes as you level up.


Message History

Your +1 hat melds into your body.
The gnoll bouda barks out a call to the hunt!
You hear a shout! x2
You hit the gnoll bouda but do no damage.
You closely miss the gnoll bouda. Your kick misses the gnoll bouda.
You headbutt the gnoll bouda, but do no damage.
Your punch misses the gnoll bouda. The gnoll bouda barely misses you.
You barely miss the gnoll bouda. Your kick misses the gnoll bouda.
You headbutt the gnoll bouda, but do no damage.
The gnoll is no longer moving quickly.
The gnoll bouda barks out a call to the hunt!
The gnoll picks up the pace!
You barely miss the gnoll bouda.
You claw the gnoll bouda, but do no damage.
You headbutt the gnoll bouda, but do no damage.
The gnoll bouda hits you but does no damage.
The gnoll hits you from afar with a +0 halberd!
You barely miss the gnoll bouda. You claw the gnoll bouda.
You headbutt the gnoll bouda, but do no damage.
The gnoll bouda is moderately wounded.
Your transformation is almost over.
Your attacks no longer feel as feeble.
The gnoll bouda barks out a call to the hunt!
The gnoll barely misses you.
You hit the gnoll bouda. You headbutt the gnoll bouda.
Your punch misses the gnoll bouda.
The gnoll bouda is heavily wounded.
The gnoll bouda closely misses you. The gnoll barely misses you.
You hit the gnoll bouda but do no damage.
Your headbutt misses the gnoll bouda.
The gnoll bouda is heavily wounded.
The gnoll hits you from afar with a +0 spear.
The gnoll bouda hits you with a +0 club.
The gnoll hits you from afar with a +0 halberd!
You hit the gnoll bouda.
The gnoll bouda is heavily wounded.
The gnoll hits you from afar with a +0 spear.
* * * LOW HITPOINT WARNING * * *
The gnoll bouda misses you.
The gnoll hits you from afar with a +0 halberd!
You die...

)#########...#####.#
.## ###....##.#####
..# ####[.......#
..### ####.....#
#...## #..####
#.#..###### #.##
#.##..)...## ###.#
#.#####))..#####.gg#
#.###.)..#..#.g.@#)#
#.#..†..###...####.#
..)(..........####.#
.....##.#####...##.##
.#......#
###...g.#####
###..#### ####......#
#..# ##g###...# #...#
#.).....## #..##
#..######


You could see a gnoll bouda and 2 gnolls.

Vanquished Creatures
  2 orc priests
  A gnoll bouda (D:4)
  Ijyb (D:3)
  4 gnolls (D:4)
  5 adders
  A worm (D:3)
  2 dart slugs
  13 orcs
  14 ball pythons
  5 endoplasms
  4 giant cockroaches
  6 hobgoblins
  3 jackals (D:1)
  6 quokkas
  3 bats
  4 frilled lizards
  8 goblins
  5 kobolds
  2 rats (D:2)
89 creatures vanquished.

Notes
Turn   | Place    | Note
-------+----------+-------------------------------------------
     0 | D:1      | manyhoops the Demigod Transmuter began the quest for the
                  | Orb.
     0 | D:1      | Reached XP level 1. HP: 15/15 MP: 5/5
    44 | D:1      | Reached skill level 3 in Unarmed Combat
   161 | D:1      | Reached XP level 2. HP: 7/22 MP: 5/7
  1337 | D:1      | Reached XP level 3. HP: 27/27 MP: 8/8
  1421 | D:2      | Identified a scroll of acquirement
  1423 | D:2      | Acquired the ring "Wucropem" {rElec rC+ MP+9 Str+3}
  1594 | D:2      | Reached skill level 4 in Unarmed Combat
  1764 | D:2      | Identified the +8 long sword "Ywaiserr" {drain, Will+++
                  | Str-3 Int+5}
  2181 | D:3      | Reached skill level 1 in Fighting
  2191 | D:3      | Reached XP level 4. HP: 26/34 MP: 9/9
  2449 | D:3      | Noticed Ijyb
  2472 | D:3      | Killed Ijyb
  2489 | D:3      | Reached skill level 5 in Unarmed Combat
  3034 | D:5      | Entered Level 5 of the Dungeon
  3049 | D:5      | Reached XP level 5. HP: 38/40 MP: 10/10
  3087 | D:4      | Learned a level 2 spell: Wereblood
  3759 | D:4      | Slain by a gnoll

Illustrated notes

Levels and vault maps discovered:
D:1:      roderic_chinese_lattice_arrival, layout_basic, minmay_misc_feat_doors
D:2:      layout_basic, hellmonk_ecumenical_altar_defaced_shrine
D:3:      layout_basic, mainiacjoe_overflow_cross_hatched, uniq_ijyb
D:4:      layout_rooms, nicolae_gozag_cash_rules_everything_around_me,
          serial_shops, kennysheep_mini, shop, nicolae_shop_waterfront
D:5:      layout_loops_ring, nicolae_overflow_hallway_of_the_gods,
          hangedman_abyss_or_decor_stagger

Skill      XL: |  1  2  3  4  5 |
---------------+----------------+-----
Unarmed Combat | 3 4 5 |  5.4
Fighting       | 1 2 |  2.3
Transmutations | 2 |  2.7
Dodging        | |  1.7
Spellcasting   | |  1.7

Action                   |  1- 3 |  4- 6 || total
-------------------------+-------+-------++-------
Melee: Unarmed           |   131 |   126 ||   257
       Kick              |    25 |    26 ||    51
       Headbutt          |    10 |    15 ||    25
       Punch             |     3 |     6 ||     9
 Cast: Beastly Appendage |    24 |    14 ||    38
       Wereblood         |       |     3 ||     3
  Use: Scroll            |     4 |     5 ||     9
       Potion            |       |     1 ||     1
 Stab: Sleeping          |     1 |       ||     1
Armor: Robe              |    14 |       ||    14
       Ring mail         |    17 |    37 ||    54
Dodge: Dodged            |    97 |    74 ||   171

Table legend: (Time is in decaauts)
 A = Elapsed time spent in this place.
 B = Non-inter-level travel time spent in this place.
 C = Inter-level travel time spent in this place.
 D = Time resting spent in this place.
 E = Time spent auto-exploring this place.
 F = Levels seen in this place.
 G = Mean time per level.
                   A        B        C        D        E       F      G
               +--------+--------+--------+--------+--------+-----+--------+
         Total |   3719 |   3662 |     57 |    682 |   2341 |   5 |  743.8 |
       Dungeon |   3719 |   3662 |     57 |    682 |   2341 |   5 |  743.8 |
               +--------+--------+--------+--------+--------+-----+--------+

Top non-repeatable levels by time:
     D:1: 1415 daAuts
     D:3: 844 daAuts
     D:2: 734 daAuts
     D:4: 446 daAuts
     D:5: 280 daAuts
